 Dungeon Crawl Stone Soup version 0.28-a0-1312-g71652a0310 (webtiles) character file.

Game seed: 8341375914006776787

70 freelancePsychic the Sneak (level 4, -2/34 HPs)
             Began as a Demonspawn Brigand on Dec 27, 2021.
             Slain by a gnoll (8 damage)
             ... on level 3 of the Dungeon.
             The game lasted 00:03:21 (1126 turns).

freelancePsychic the Sneak (Demonspawn Brigand)     Turns: 1126, Time: 00:03:22

Health: -2/34      AC:  5    Str: 12    XL:     4   Next: 3%
Magic:  5/5        EV: 11    Int: 14    God:
Gold:   59         SH:  0    Dex: 14    Spells: 4/4 levels left

rFire   . . .      SeeInvis .   i - +0 dagger (elec)
rCold   . . .      Faith    .   (no shield)
rNeg    . . .      Spirit   .   b - +0 robe
rPois   .          Reflect  .   (no helmet)
rElec   .          Harm     .   c - +0 cloak
rCorr   .          Rampage  .   (no gloves)
Will    .....                   (no boots)
Stlth   ++........              (no amulet)
HPRegen 0.11/turn               (no ring)
MPRegen 0.18/turn               (no ring)

@: no status effects
A: icy blue scales 1, magic regeneration
a: no special abilities


You were on level 3 of the Dungeon.
You visited 1 branch of the dungeon, and saw 3 of its levels.

You collected 59 gold pieces.

Inventory:

Hand Weapons
 a - a +2 dagger
 i - a +0 dagger of electrocution (weapon)
Missiles
 d - 3 poisoned darts (quivered)
Armour
 b - a +0 robe (worn)
 c - a +0 cloak (worn)
Potions
 f - 2 potions of resistance
 h - a potion of invisibility {unknown}


   Skills:
 - Level 2.8 Fighting
 + Level 2.7 Short Blades
 - Level 1.7 Throwing
 - Level 0.8 Dodging
 - Level 3.6 Stealth
 + Level 0.9 Spellcasting
 * Level 1.4 Summonings
 + Level 0.2 Ice Magic


You had 4 spell levels left.
You didn't know any spells.
Your spell library contained the following spells:

 Spells                   Type           Power      Damage    Failure   Level
 Summon Ice Beast         Ice/Summ       3%         N/A       88%         4
 Summon Mana Viper        Hex/Summ       2%         N/A       99%         5
 Monstrous Menagerie      Summ           2%         N/A       100%        7


Dungeon Overview and Level Annotations

Branches:
Dungeon (3/15)

Altars:


Innate Abilities, Weirdness & Mutations

You are partially covered in icy blue scales. (AC +2)
You regenerate magic rapidly.


Message History

Press: ? - help, Q - select action Shift-Dir - straight line, f/p - hobgoblin
Aim: a hobgoblin (severely wounded, poisoned, 59% to hit)
You throw a poisoned dart. The poisoned dart hits the hobgoblin.
The hobgoblin looks even sicker.
The hobgoblin is severely wounded.
You kill the hobgoblin!
The ball python barely misses you. The ball python grabs you.
The ball python constricts you.
Throw: 4 darts (poison)
Press: ? - help, Q - select action Shift-Dir - straight line, f - ball python
Aim: a ball python (constricting you, 55% to hit)
You throw a poisoned dart. The poisoned dart hits the ball python.
The ball python is poisoned.
The ball python barely misses you. The ball python constricts you.
You barely miss the ball python.
The gnoll hits you from afar with a +0 spear.
* * * LOW HITPOINT WARNING * * *
The ball python closely misses you. The ball python constricts you.
* * * LOW HITPOINT WARNING * * *
You escape the ball python's grasp.
You kill the ball python!
There is a stone staircase leading down here.
You climb downwards.
The gnoll shouts! x3
There is a stone staircase leading up here.
As you read the scroll labelled OKIMPI XOENYIM, it crumbles to dust.
It is a scroll of amnesia.
You feel forgetful for a moment. The gnoll closely misses you.
The gnoll barely misses you.
As you read the scroll labelled KOOTOLL ARCHATI, it crumbles to dust.
You speak a Word of immense power!
You are blasted by holy energy!
* * * LOW HITPOINT WARNING * * *
It was a scroll of holy word.
The gnoll barely misses you. The gnoll closely misses you.
The gnoll barely misses you. The gnoll closely misses you.
As you read the scroll labelled NEXETSATHROCO, it crumbles to dust.
It is a scroll of identify.
f - 2 potions of resistance The gnoll hits you with a +0 flail!
You die...

## ##
#. ..#
#. #g.
#.#g#g#
#..@#
##g##
#. #.
.. ##


You could see 4 gnolls.

Vanquished Creatures
  2 gnolls
  A worm (D:2)
  3 bats
  5 endoplasms
  5 giant cockroaches (D:1)
  A goblin (D:1)
  2 hobgoblins (D:2)
  10 jackals (D:1)
  2 kobolds (D:1)
  A quokka (D:1)
  3 ball pythons
  2 frilled lizards (D:1)
  4 rats
41 creatures vanquished.

Notes
Turn   | Place    | Note
-------+----------+-------------------------------------------
     0 | D:1      | freelancePsychic the Demonspawn Brigand began the quest for
                  | the Orb.
     0 | D:1      | Reached XP level 1. HP: 16/16 MP: 1/1
     1 | D:1      | Found a runed translucent door.
    33 | D:1      | Gained mutation: You are partially covered in icy blue
                  | scales. (AC +2) [demonic ancestry]
    33 | D:1      | Reached XP level 2. HP: 12/23 MP: 2/2
   597 | D:1      | Reached XP level 3. HP: 19/28 MP: 3/3
   917 | D:1      | Reached skill level 1 in Summonings
   976 | D:1      | You fall into a shaft and drop 1 floor!
  1103 | D:2      | Gained mutation: You regenerate magic rapidly. [demonic
                  | ancestry]
  1103 | D:2      | Reached XP level 4. HP: 14/34 MP: 5/5
  1126 | D:3      | Slain by a gnoll

Illustrated notes

Levels and vault maps discovered:
D:1:      dpeg_arrival_caged_fury, layout_basic, minmay_pentomino_x4
D:2:      layout_rooms
D:3:      layout_loops_ring, dreamdust_ecumenical_altar_hidden_monk_grotto,
          chequers_decorated_corner

Skill      XL: |  1  2  3 |
---------------+----------+-----
Short Blades   | 2 |  2.7
Summonings     | 1 |  1.4
Fighting       | |  2.8
Throwing       | |  1.7
Dodging        | |  0.8
Stealth        | |  3.6
Spellcasting   | |  0.9
Ice Magic      | |  0.2

Action                   |  1- 3 |  4- 6 || total
-------------------------+-------+-------++-------
Melee: Dagger            |   126 |     1 ||   127
Throw: Dart              |    20 |     3 ||    23
  Use: Scroll            |       |     3 ||     3
 Stab: Sleeping          |     3 |       ||     3
Armor: Robe              |    66 |     1 ||    67
Dodge: Dodged            |    98 |     9 ||   107

Table legend: (Time is in decaauts)
 A = Elapsed time spent in this place.
 B = Non-inter-level travel time spent in this place.
 C = Inter-level travel time spent in this place.
 D = Time resting spent in this place.
 E = Time spent auto-exploring this place.
 F = Levels seen in this place.
 G = Mean time per level.
                   A        B        C        D        E       F      G
               +--------+--------+--------+--------+--------+-----+--------+
         Total |   1107 |   1107 |      0 |    197 |    595 |   3 |  369.0 |
       Dungeon |   1107 |   1107 |      0 |    197 |    595 |   3 |  369.0 |
               +--------+--------+--------+--------+--------+-----+--------+

Top non-repeatable levels by time:
     D:1: 960 daAuts
     D:2: 143 daAuts
     D:3: 2 daAuts
